 Dungeon Crawl Stone Soup version 0.26-a0-663-g36e8fdb655 (webtiles) character file.

Game seed: 520034256250759483

997 halkony2012 the Cleaver (level 7, -4/64 HPs)
             Began as a Minotaur Fighter on Oct 11, 2020.
             Was a Follower of Okawaru.
             Slain by an orc knight
             ... wielding a +0 broad axe
              (7 damage)
             ... in a bailey.
             The game lasted 00:07:59 (4765 turns).

halkony2012 the Cleaver (Minotaur Fighter)          Turns: 4765, Time: 00:08:00

Health: -4/64      AC: 13    Str: 23    XL:     7   Next: 99%
Magic:  6/6        EV:  6    Int:  5    God:    Okawaru [*.....]
Gold:   292        SH: 10    Dex:  9    Spells: 6/6 levels left

rFire    . . .     SeeInvis .   a - +0 war axe
rCold    . . .     Faith    .   c - +0 kite shield
rNeg     . . .     Spirit   .   y - +2 chain mail {MR+}
rPois    .         Reflect  .   (helmet restricted)
rElec    .         Harm     .   A - +1 cloak
rCorr    .         Rampage  .   (no gloves)
MR       +....                  (no boots)
Stlth    ..........             (no amulet)
HPRegen  0.20/turn              (no ring)
MPRegen  0.10/turn              (no ring)

@: marked
A: retaliatory headbutt, horns 2
a: Heroism, Renounce Religion


You were in a bailey.
You worshipped Okawaru.
Okawaru was aware of your devotion.
You visited 1 branch of the dungeon, and saw 8 of its levels.
You also visited: Bailey.

You collected 292 gold pieces.

Inventory:

Hand Weapons
 a - a +0 war axe (weapon)
 x - a +0 war axe
Armour
 b - a +0 scale mail
 c - a +0 kite shield (worn)
 y - a +2 chain mail of magic resistance (worn)
 A - a +1 cloak (worn)
 B - the +4 cloak of a bailey {Str+4, unknown}
   (You found it in a bailey)

   It affects your strength (+4).
Jewellery
 m - an uncursed amulet of reflection {unknown}
 r - an uncursed ring of poison resistance {unknown}
Scrolls
 f - 5 scrolls of identify {unknown}
 h - a scroll of enchant weapon {unknown}
 k - 3 scrolls of amnesia {unknown}
 n - 2 scrolls of remove curse {unknown}
 p - 2 scrolls of magic mapping {unknown}
 s - a scroll of noise {unknown}
 t - a scroll of immolation {unknown}
 u - a scroll of fog {unknown}
 w - a scroll of teleportation {unknown}
 z - a scroll of fear {unknown}
Potions
 d - a potion of might
 e - a potion of invisibility {unknown}
 g - 4 potions of curing {unknown}
 i - a potion of ambrosia {unknown}
 j - 3 potions of heal wounds {unknown}
 l - a potion of stabbing {unknown}
 o - a potion of brilliance {unknown}
 q - a potion of lignification {unknown}
 v - 2 potions of cancellation {unknown}


   Skills:
 + Level 6.3 Fighting
 + Level 8.7 Axes
 - Level 4.8 Armour
 - Level 1.4 Dodging
 - Level 4.7 Shields
 + Level 0.1 Invocations


You had 6 spell levels left.
You didn't know any spells.
Your spell library was empty.

Dungeon Overview and Level Annotations

Branches:
Dungeon (8/15)             Bailey (1/1)
 Temple: D:4-7         Lair: D:8-11

Altars:
Gozag
Kikubaaqudgha
Okawaru
Yredelemnul
The Shining One

Annotations:
D:6 Menkaure


Innate Abilities, Weirdness & Mutations

You reflexively headbutt those who attack you in melee.
You have a pair of horns on your head.


Message History

* * * LOW HITPOINT WARNING * * *
You hit the orc knight. Your headbutt misses the orc knight.
The orc knight is heavily wounded.
The kobold throws a boomerang.
The boomerang hits you but does no damage.
The weapon returns to the kobold!
You block the orc knight's attack.
You slash the orc knight!
The orc knight is heavily wounded.
You slash the kobold!
You kill the kobold!
Okawaru accepts your kill. The orc knight closely misses you.
You hit the orc knight but do no damage.
The orc knight is heavily wounded.
You block the orc knight's attack.
You closely miss the orc knight.
The orc knight is heavily wounded.
The orc warrior no longer looks unusually strong.
The orc knight hits you with a +0 broad axe!
You die...

K#############
.............####
#...........##
##'#.........##
#((#....⌠..((.#
#()###....)[.# o
##@['.#....)#######
..ooKgo..###......#≈≈≈≈≈
##'####..#.....≈≈≈≈≈≈≈≈≈ ##
#.......####.≈≈≈≈≈≈≈≈≈≈###
≈≈K#..KgKg.#K≈≈≈≈≈≈≈....###
≈≈≈#########≈≈≈≈≈......##
≈≈≈≈≈≈≈≈≈≈≈≈≈........##
#.≈≈≈≈≈≈≈.........###
#.............####


You could see an orc knight, an orc warrior (strong), an orc (strong), a
hobgoblin and a kobold.

Vanquished Creatures
  An orc warrior (Bailey)
  A necrophage (D:8)
  An ogre (D:4)
  A centaur (D:8)
  Blork the orc (D:5)
  A centaur skeleton (D:4)
  Jessica (D:3)
  3 orc wizards
  3 worker ants
  A hound skeleton (D:5)
  A worker ant zombie (D:5)
  A howler monkey skeleton (D:4)
  7 adders
  12 gnolls
  2 white imps
  An ufetubus (D:5)
  3 oozes
  2 adder skeletons
  2 dart slugs (D:1)
  A worm (D:4)
  2 leopard geckos
  16 orcs
  A ball python (D:2)
  5 giant cockroaches
  12 goblins
  8 hobgoblins
  12 jackals
  13 kobolds
  2 quokkas
  8 bats
  2 frilled lizards
  A jackal zombie (D:5)
  2 leopard gecko skeletons (D:4)
  A rat (D:1)
131 creatures vanquished.

Notes
Turn   | Place    | Note
-------+----------+-------------------------------------------
     0 | D:1      | halkony2012 the Minotaur Fighter began the quest for the
                  | Orb.
     0 | D:1      | Reached XP level 1. HP: 19/19 MP: 0/0
   160 | D:1      | Reached XP level 2. HP: 27/27 MP: 1/1
   851 | D:2      | Reached XP level 3. HP: 30/33 MP: 2/2
  1318 | D:2      | Reached skill level 3 in Axes
  1670 | D:3      | Reached XP level 4. HP: 38/41 MP: 3/3
  1769 | D:3      | Reached skill level 1 in Dodging
  1902 | D:3      | Reached XP level 5. HP: 38/47 MP: 4/4
  1905 | D:3      | Found an opulent altar of Gozag.
  2071 | D:3      | Noticed Jessica
  2074 | D:3      | Found an iron altar of Okawaru.
  2082 | D:3      | Killed Jessica
  2105 | D:3      | Became a worshipper of Warmaster Okawaru
  2344 | D:4      | Noticed an ogre
  2368 | D:4      | Killed an ogre
  2368 | D:4      | Reached skill level 4 in Axes
  2368 | D:4      | Reached XP level 6. HP: 22/55 MP: 5/5
  2706 | D:4      | Reached skill level 5 in Axes
  2882 | D:4      | Reached skill level 5 in Fighting
  3222 | D:5      | Entered Level 5 of the Dungeon
  3344 | D:5      | Reached skill level 6 in Axes
  3717 | D:5      | Reached XP level 7. HP: 54/61 MP: 6/6
  3833 | D:5      | Found a glowing golden altar of the Shining One.
  3851 | D:5      | Reached * piety under Okawaru
  4253 | D:5      | Noticed Blork the orc
  4259 | D:5      | Reached skill level 7 in Axes
  4268 | D:5      | Killed Blork the orc
  4571 | D:6      | Found an ancient bone altar of Kikubaaqudgha.
  4571 | D:6      | Found a basalt altar of Yredelemnul.
  4572 | D:6      | Noticed Menkaure
  4572 | D:6      | Noticed a vampire
  4573 | D:6      | Found the +8 demon blade "Leech" {vamp, *Rage +Rage rN+}
  4594 | D:6      | You fall into a shaft and drop 2 floors!
  4604 | D:8      | Reached skill level 8 in Axes
  4630 | D:7      | Found a flagged portal.
  4643 | Bailey   | Entered a bailey
  4744 | Bailey   | Got a faintly humming cloak
  4746 | Bailey   | Noticed an orc knight
  4761 | Bailey   | HP: 2/64 [orc knight/+0 broad axe (6)]
  4765 | Bailey   | Slain by an orc knight

Illustrated notes

Levels and vault maps discovered:
D:1:      dpeg_arrival_orchard, layout_basic, minmay_split_cup_large
D:2:      layout_basic
D:3:      layout_rooms, lemuel_round_altar, nicolae_gozag_seed_capital,
          grunt_decor_arrowhead, uniq_jessica
D:4:      layout_loops_ring, chequers_mini_garden
D:5:      layout_basic, nicolae_tso_carved_into_rock, uniq_blork_the_orc
D:6:      layout_loops_ring, gammafunk_temple_of_torment, lemuel_crystal_altar,
          marbit_many_paths
D:7:      layout_layer_cave, temple_statues, enter_bailey_3, serial_shops,
          shop_coins, serial_glass, glass_columns_b, glass_columns_a,
          glass_columns_b, glass_columns_c, glass_columns_b, glass_columns_b,
          glass_columns_b, glass_columns_b, glass_columns_a, glass_columns_a,
          serial_bayou_pond_e, uniq_menkaure
D:8:      layout_basic, minmay_lair_entry_grove, hangedman_little_slice_of_home
Bailey:   bailey_axe_4, bailey

Skill      XL: |  1  2  3  4  5  6  7 |
---------------+----------------------+-----
Shields        | 4 |  4.7
Fighting       | 4 5 6 |  6.3
Armour         | 4 |  4.8
Axes           | 3 4 6 8 |  8.7
Dodging        | 1 |  1.4
Invocations    | |  0.1

Action                   |  1- 3 |  4- 6 |  7- 9 || total
-------------------------+-------+-------+-------++-------
Melee: War axe           |    84 |   162 |    93 ||   339
       Headbutt          |    13 |    26 |    19 ||    58
Invok: Heroism           |       |       |     3 ||     3
  Use: Potion            |       |     1 |     2 ||     3
Armor: Scale mail        |    45 |    65 |     7 ||   117
       Chain mail        |       |       |    74 ||    74
Dodge: Dodged            |    32 |    46 |    43 ||   121
Block: Kite shield       |    63 |    77 |    95 ||   235

Table legend: (Time is in decaauts)
 A = Elapsed time spent in this place.
 B = Non-inter-level travel time spent in this place.
 C = Inter-level travel time spent in this place.
 D = Time resting spent in this place.
 E = Time spent auto-exploring this place.
 F = Levels seen in this place.
 G = Mean time per level.
                   A        B        C        D        E       F      G
               +--------+--------+--------+--------+--------+-----+--------+
         Total |   4862 |   4729 |    133 |    454 |   3337 |   9 |  540.2 |
       Dungeon |   4756 |   4623 |    133 |    447 |   3337 |   8 |  594.5 |
        Bailey |    105 |    105 |      0 |      7 |      0 |   1 |  105.0 |
               +--------+--------+--------+--------+--------+-----+--------+

Top non-repeatable levels by time:
     D:5: 1153 daAuts
     D:4: 975 daAuts
     D:1: 864 daAuts
     D:2: 793 daAuts
     D:3: 672 daAuts
     D:6: 245 daAuts
  Bailey: 105 daAuts
     D:8: 32 daAuts
     D:7: 18 daAuts
